 Dungeon Crawl Stone Soup version 0.31-a0-1499-ge0622b2318 (webtiles) character file.

Game seed: 9460703779015296666

302 Momosog the Poker (level 6, -8/47 HPs)
             Began as a Merfolk Gladiator on Dec 29, 2023.
             Mangled by an ice beast (9 damage)
             ... on level 3 of the Dungeon.
             The game lasted 00:24:34 (2394 turns).

Momosog the Poker (Merfolk Gladiator)               Turns: 2394, Time: 00:24:34

Health: -8/47      AC:  4    Str: 14    XL:     6   Next: 37%
Magic:  6/6        EV: 14    Int:  9    God:
Gold:   105        SH:  0    Dex: 16    Spells: 5/5 levels left

rFire   . . .        a - +1 trident
rCold   . . .        (no shield)
rNeg    . . .        b - +0 leather armour
rPois   .            c - +0 helmet
rElec   .            (no cloak)
rCorr   .            (no gloves)
SInv    .            (no boots)
Will    .....        (no amulet)
Stlth   ++           (no ring)
HPRegen 0.27/turn    (no ring)
MPRegen 0.10/turn

%: no passive effects
@: no status effects
A: (nimble swimmer 2), mertail
a: no special abilities


You were on level 3 of the Dungeon.
You visited 1 branch of the dungeon, and saw 3 of its levels.

You collected 105 gold pieces.

Inventory:

Hand Weapons
 a - a +1 trident (weapon)
 p - a +1 dagger of electrocution
 q - a +2 dagger of venom
Missiles
 d - a throwing net (quivered)
 e - a javelin
 i - 5 poisoned darts
Armour
 b - a +0 leather armour (worn)
 c - a +0 helmet (worn)
Magical Staves
 n - a staff of death
Jewellery
 l - a ring of fire
Scrolls
 f - a scroll of immolation {unknown}
 g - a scroll of amnesia {unknown}
 h - a scroll of revelation
 t - a scroll of vulnerability {unknown}
Potions
 j - a potion of might
 k - a potion of lignification
 m - a potion of haste
 o - a potion of mutation
 r - a potion of brilliance {unknown}
 s - a potion of curing {unknown}


   Skills:
 + Level 3.1 Fighting
 + Level 6.9 Polearms
 + Level 2.1 Throwing
 + Level 1.5 Armour
 + Level 5.4 Dodging
 + Level 1.0 Stealth


You had 5 spell levels left.
You didn't know any spells.
Your spell library contained the following spells:

 Spells                   Type           Power      Damage    Failure   Level
 Slow                     Hex            0%         N/A       45%         1
 Ensorcelled Hibernation  Hex/Ice        0%         N/A       58%         2
 Confusing Touch          Hex            0%         N/A       83%         3
 Fugue of the Fallen      Necr           0%         N/A       83%         3
 Sigil of Binding         Hex            0%         N/A       83%         3
 Vampiric Draining        Necr           0%         2d6       83%         3
 Anguish                  Hex/Necr       0%         N/A       99%         4


Dungeon Overview and Level Annotations

Branches:
Dungeon (3/15)

Altars:
Qazlal

Shops:
D:2 (


Innate Abilities, Weirdness & Mutations

((You are very nimble when in or above water. (Stealth+, EV+, Speed+++)))
Your lower body shifts to a powerful aquatic tail in water.


Message History

The ice beast freezes you.
You hit the ice beast but do no damage.
The ice beast hits you but does no damage.
You barely miss the ice beast.
The ice beast hits you but does no damage.
You barely miss the ice beast. The ice beast barely misses you.
You barely miss the ice beast. The ice beast barely misses you.
You closely miss the ice beast. The ice beast hits you.
The ice beast freezes you!
You puncture the ice beast!
The ice beast is moderately wounded.
The ice beast hits you. The ice beast freezes you!
* * * LOW HITPOINT WARNING * * *
You hit the ice beast but do no damage.
The ice beast is moderately wounded.
The ice beast closely misses you.
You hit the ice beast but do no damage.
The ice beast is moderately wounded.
The ice beast misses you.
You closely miss the ice beast.
The ice beast is moderately wounded.
The ice beast barely misses you.
You barely miss the ice beast.
The ice beast is moderately wounded.
The ice beast misses you.
You puncture the ice beast!
The ice beast is heavily wounded.
The ice beast hits you.
* * * LOW HITPOINT WARNING * * *
The ice beast freezes you.
* * * LOW HITPOINT WARNING * * *
You hit the ice beast.
The ice beast is severely wounded.
The ice beast hits you but does no damage.
You hit the ice beast but do no damage.
The ice beast is severely wounded.
The ice beast hits you.
* * * LOW HITPOINT WARNING * * *
The ice beast freezes you!
You die...

### #.. #.## #.. #.#
######.###.#
#......@Y..###.#
#.####.........### #.#
#.###.......# #.# #.#
#.##....# #)#
#.###.#.....###### #.#
#................## #.#
### #.#.....#.....) #.#
#............##
#.########.###.#.#†##.#


You could see an ice beast.

Vanquished Creatures
  A sky beast (D:3)
  A bombardier beetle (D:3)
  Natasha (twice) (D:2)
  Robin (D:2)
  A gnoll (D:1)
  2 adders (D:2)
  2 ribbon worms (D:2)
  An orc (D:3)
  4 bats
  4 endoplasms
  9 giant cockroaches
  10 goblins
  4 hobgoblins
  6 jackals
  4 kobolds
  2 quokkas
  9 ball pythons
  2 frilled lizards
  8 rats
73 creatures vanquished.

Notes
Turn   | Place    | Note
-------+----------+-------------------------------------------
     0 | D:1      | Momosog the Merfolk Gladiator began the quest for the Orb.
     0 | D:1      | Reached XP level 1. HP: 16/16 MP: 1/1
   417 | D:1      | Reached XP level 2. HP: 20/23 MP: 2/2
   787 | D:1      | Reached XP level 3. HP: 27/28 MP: 3/3
   945 | D:1      | Reached skill level 5 in Polearms
  1264 | D:2      | Noticed Natasha
  1277 | D:2      | Killed Natasha
  1278 | D:2      | Reached XP level 4. HP: 25/34 MP: 4/4
  1320 | D:2      | Reached skill level 5 in Dodging
  1332 | D:2      | Found Kaubal's Antique Weapon Emporium.
  1442 | D:2      | Reached skill level 1 in Armour
  1641 | D:2      | Noticed Robin
  1657 | D:2      | Killed Robin
  1658 | D:2      | Reached XP level 5. HP: 34/39 MP: 5/5
  1736 | D:2      | Noticed Natasha
  1852 | D:2      | Killed Natasha
  1853 | D:2      | Reached skill level 6 in Polearms
  2183 | D:3      | Found a stormy altar of Qazlal.
  2183 | D:3      | Noticed a sky beast
  2201 | D:3      | Killed a sky beast
  2202 | D:3      | Reached skill level 1 in Stealth
  2202 | D:3      | Reached XP level 6. HP: 40/47 MP: 6/6
  2374 | D:3      | Noticed an ice beast
  2394 | D:3      | HP: 1/47 [ice beast (3)]
  2394 | D:3      | Mangled by an ice beast

Illustrated notes

Levels and vault maps discovered:
D:1:      nicolae_arrival_somewhat_less_tricky_arrival, layout_basic
D:2:      layout_loops_ring, serial_shops, shop, uniq_natasha, uniq_robin
D:3:      layout_loops_ring, nicolae_qazlal_beasts_of_the_sky

Skill      XL: |  1  2  3  4  5 |
---------------+----------------+-----
Polearms       | 5 6 |  6.9
Dodging        | 5 |  5.4
Armour         | 1 |  1.5
Fighting       | 3 |  3.1
Stealth        | 1 |  1.0
Throwing       | |  2.1

Action                     |  1- 3 |  4- 6 || total
---------------------------+-------+-------++-------
  Melee: Trident           |   111 |   161 ||   272
         Punch             |     1 |     1 ||     2
  Throw: Throwing net      |     2 |     3 ||     5
    Use: Scroll            |     3 |     5 ||     8
   Stab: Sleeping          |     4 |     3 ||     7
 Armour: Leather armour    |    42 |    77 ||   119
  Dodge: Dodged            |    70 |    80 ||   150

Table legend: (Time is in decaauts)
 A = Elapsed time spent in this place.
 B = Non-inter-level travel time spent in this place.
 C = Inter-level travel time spent in this place.
 D = Time resting spent in this place.
 E = Time spent auto-exploring this place.
 F = Levels seen in this place.
 G = Mean time per level.
                   A        B        C        D        E       F      G
               +--------+--------+--------+--------+--------+-----+--------+
         Total |   2409 |    752 |   1657 |    151 |      0 |   3 |  803.0 |
       Dungeon |   2409 |    752 |   1657 |    151 |      0 |   3 |  803.0 |
               +--------+--------+--------+--------+--------+-----+--------+

Top non-repeatable levels by time:
     D:1: 1095 daAuts
     D:2: 925 daAuts
     D:3: 388 daAuts
